 Dungeon Crawl Stone Soup version 0.26-a0-649-gf8c6c3aab7 (webtiles) character file.

Game seed: 17917786738854401937

409412 Arvaildir the Scorcher (level 23, -6/144 HPs)
             Began as a Gargoyle Earth Elementalist on Sept 25, 2020.
             Was the Champion of Vehumet.
             Killed from afar by a golden dragon (21 damage)
             ... with a bolt of cold
             ... on level 5 of the Vaults on Sept 26, 2020.
             The game lasted 02:14:38 (59190 turns).

Arvaildir the Scorcher (GrEE)                      Turns: 59190, Time: 02:14:38

Health: -6/144     AC: 39    Str: 20    XL:     23   Next: 47%
Magic:  23/40      EV: 19    Int: 31    God:    Vehumet [******]
Gold:   1214       SH:  0    Dex: 12    Spells: 15/49 levels left

rFire    + . .     SeeInvis +   C - +7 mace "Waqez" {freeze, +Rage rF+ rN+}
rCold    . . .     Faith    .   (no shield)
rNeg     + + +     Spirit   .   r - +5 steam dragon scales
rPois    ∞         Reflect  .   x - +2 helmet {Int+3}
rElec    +         Harm     .   S - +1 cloak "Ohelomus" {+Inv}
rCorr    .         Rampage  .   o - +2 pair of gloves
MR       .....                  h - +0 pair of boots {Fly}
Stlth    +++.......             F - amulet of the Messenger {RegenMP rN++ MR- Dex+2 Slay+3}
HPRegen  0.34/turn              q - +6 ring of strength
MPRegen  0.52/turn              K - ring of Viasuf {Dex+2 Slay+3 SInv Stlth+}

@: flying
A: big wings, hooves 1, blink, clever 1, clumsy 1, negative energy resistance 1,
electricity resistance, strong 1, wild magic 1, unbreathing, petrification
resistance, rot immunity, AC +17
}: 2/15 runes: serpentine, barnacled
a: Stop Flying, Blink, Renounce Religion, Evoke Berserk Rage, Evoke Invisibility


You were on level 5 of the Vaults.
You worshipped Vehumet.
Vehumet was exalted by your worship.
You visited 8 branches of the dungeon, and saw 40 of its levels.
You visited the Abyss 2 times.
You also visited: Ice Cave.

You collected 5016 gold pieces.
You spent 3802 gold pieces at shops.

Inventory:

Hand Weapons
 p - a +0 sacred scourge of holy wrath
 C - the +7 mace "Waqez" (weapon) {freeze, +Rage rF+ rN+}
   (You took it off an orc warrior on level 10 of the Dungeon)

   It has been specially enchanted to freeze those struck by it, causing extra
   injury to most foes and up to half again as much damage against particularly
   susceptible opponents.
   It can also slow down cold-blooded creatures.
   It protects you from fire.
   It protects you from negative energy.
   It lets you go berserk.
 W - a +3 vampiric demon whip
Missiles
 b - 1190 stones (quivered)
 B - 10 throwing nets
Armour
 a - a +0 hat of see invisible
 h - a +0 pair of boots of flying (worn)
 o - a +2 pair of gloves (worn)
 r - +5 steam dragon scales (worn)
 x - a +2 helmet of intelligence (worn)
 S - the +1 cloak "Ohelomus" (worn) {+Inv}
   (You acquired it in an ice cave)

   It lets you turn invisible.
Jewellery
 q - a +6 ring of strength (left hand)
 w - an uncursed ring of protection from fire
 F - the amulet of the Messenger (around neck) {RegenMP rN++ MR- Dex+2 Slay+3}
   (You found it on level 10 of the Dungeon)

   [amulet of magic regeneration]

   It increases your magic regeneration.
   It affects your dexterity (+2).
   It affects your accuracy and damage with ranged weapons and melee attacks
   (+3).
   It greatly protects you from negative energy.
   It affects your resistance to hostile enchantments.
 K - the ring of Viasuf (right hand) {Dex+2 Slay+3 SInv Stlth+}
   (You found it on level 3 of the Shoals)

   [ring of see invisible]

   It affects your dexterity (+2).
   It affects your accuracy and damage with ranged weapons and melee attacks
   (+3).
   It lets you see invisible.
   It makes you more stealthy.
Wands
 d - a wand of digging (9)
 m - a wand of polymorph (16)
 y - a wand of iceblast (23)
 z - a wand of paralysis (45)
 E - a wand of acid (47)
 N - a wand of disintegration (24)
 Q - a wand of enslavement (8)
Scrolls
 c - 2 scrolls of immolation
 f - 24 scrolls of remove curse
 g - 15 scrolls of teleportation
 i - a scroll of holy word
 l - 4 scrolls of fog
 u - 7 scrolls of fear
 v - 9 scrolls of enchant weapon
 H - 8 scrolls of amnesia
 I - 15 scrolls of identify
 U - 5 scrolls of magic mapping
 Y - a scroll of blinking
Potions
 e - 6 potions of stabbing
 j - 7 potions of cancellation
 k - a potion of magic
 n - 10 potions of curing
 s - 5 potions of berserk rage
 t - 2 potions of resistance
 J - 4 potions of haste
 L - 9 potions of might
 M - 2 potions of heal wounds
 O - 4 potions of invisibility
 V - 5 potions of brilliance
 X - 4 potions of ambrosia
 Z - 12 potions of mutation
Miscellaneous
 A - a tin of tremorstones (3/3)
 D - a condenser vane (1/2)
 G - a phantom mirror
 R - a lightning rod (4/4)


   Skills:
 + Level 15.3 Fighting
 + Level 14.3 Maces & Flails
 - Level 6.0 Armour
 + Level 12.3 Dodging
 - Level 2.1 Stealth
 + Level 13.8 Spellcasting
 + Level 15.7 Conjurations
 - Level 0.7 Transmutations
 * Level 19.4 Fire Magic
 + Level 17.5 Earth Magic
 - Level 6.0 Evocations


You had 15 spell levels left.
You knew the following spells:

 Your Spells              Type           Power        Failure   Level
a - Sandblast             Erth           ######       1%          1
b - Stone Arrow           Conj/Erth      ######       1%          3
c - Lee's Rapid Deconstr  Erth           ########..   1%          5
d - Iron Shot             Conj/Erth      ########..   1%          6
e - Bolt of Magma         Conj/Fire/Erth ########..   1%          5
f - Irradiate             Conj/Tmut      #######...   1%          5
g - Ignition              Fire           ########..   2%          8
h - Apportation           Tloc           ####..       4%          1

Your spell library contained the following spells:

 Spells                   Type           Power        Failure   Level
 Shatter                  Erth           ########..   45%         9
 Tornado                  Air            ####......   100%        9
 Magic Dart               Conj           ####         1%          1
 Passwall                 Tmut/Erth      #######.     1%          2
 Searing Ray              Conj           ######       1%          2
 Conjure Flame            Conj/Fire      ########     1%          3
 Dazzling Flash           Conj/Hex       ######       1%          3
 Ignite Poison            Fire/Tmut/Pois ######..     1%          3
 Mephitic Cloud           Conj/Pois/Air  ######..     1%          3
 Fulminant Prism          Conj/Hex       #######...   1%          4
 Iskenderun's Mystic Bla  Conj/Tloc      #######.     1%          4
 Petrify                  Tmut/Erth      #######.     1%          4
 Sticky Flame             Conj/Fire      ########     1%          4
 Fireball                 Conj/Fire      ########..   1%          5
 Iskenderun's Battlesphe  Conj           ########     1%          5
 Orb of Destruction       Conj           ########..   1%          7
 Beastly Appendage        Tmut           ####..       3%          1
 Borgnjor's Vile Clutch   Necr/Erth      #######...   3%          5
 Animate Skeleton         Necr           ####..       4%          1
 Corona                   Hex            ####...      4%          1
 Pain                     Necr           ####         4%          1
 Summon Small Mammal      Summ           ####         4%          1
 Wereblood                Tmut           ####....     4%          2
 Call Imp                 Summ           ####....     5%          2
 Ensorcelled Hibernation  Hex/Ice        ####..       5%          2
 Poisonous Vapours        Pois/Air       ####..       5%          2
 Swiftness                Air            ####....     5%          2
 Lehudib's Crystal Spear  Conj/Erth      ########..   6%          8
 Spider Form              Tmut/Pois      ####......   10%         3
 Call Canine Familiar     Summ           ####....     11%         3
 Confusing Touch          Hex            ####....     11%         3
 Summon Guardian Golem    Hex/Summ       ####....     11%         3
 Tukima's Dance           Hex            ####....     11%         3
 Vampiric Draining        Necr           ####......   11%         3
 Freezing Cloud           Conj/Ice/Air   ######....   13%         6
 Spellforged Servitor     Conj/Summ      #######...   24%         7
 Ice Form                 Ice/Tmut       ####....     26%         4
 Animate Dead             Necr           ####......   30%         4
 Passage of Golubria      Tloc           N/A          30%         4
 Summon Ice Beast         Ice/Summ       ####....     30%         4
 Summon Lightning Spire   Summ/Air       ####....     30%         4
 Fire Storm               Conj/Fire      ########..   43%         9
 Blade Hands              Tmut           ####......   50%         5
 Alistair's Intoxication  Tmut/Pois      ####.....    56%         5
 Agony                    Necr           ####....     61%         5
 Metabolic Englaciation   Hex/Ice        ####......   61%         5
 Silence                  Hex/Air        ####......   61%         5
 Summon Demon             Summ           ####......   61%         5
 Summon Forest            Summ/Tloc      ####......   61%         5
 Summon Mana Viper        Hex/Summ       ####....     61%         5
 Ozocubu's Refrigeration  Ice            ####......   67%         6
 Chain Lightning          Conj/Air       #######...   82%         8
 Eringya's Noxious Bog    Tmut/Pois      ####......   98%         6
 Invisibility             Hex            ####....     99%         6
 Shadow Creatures         Summ           N/A          99%         6
 Simulacrum               Ice/Necr       ####......   99%         6
 Malign Gateway           Summ/Tloc      ####......   100%        7
 Monstrous Menagerie      Summ           ####......   100%        7
 Summon Greater Demon     Summ           ####......   100%        7
 Summon Hydra             Summ           ####......   100%        7
 Summon Horrible Things   Summ           ####......   100%        8
 Absolute Zero            Ice            ####......   100%        9
 Sublimation of Blood     Necr           Unusable     N/A         2

Dungeon Overview and Level Annotations

Branches:
Dungeon (15/15)            Temple (1/1) D:7            Lair (6/6) D:11
 Shoals (4/4) Lair:3        Snake (4/4) Lair:4        Slime (0/5) Lair:5
    Orc (2/2) D:12            Elf (3/3) Orc:2        Vaults (5/5) D:14
  Crypt (0/3) Vaults:2     Depths (0/5) D:15          IceCv (visited)

Altars:
Ashenzari
Dithmenos
Fedhas
Makhleb
Nemelex Xobeh
Uskayaw
Vehumet
Xom
Yredelemnul
Zin
The Shining One
Beogh

Shops:
D:10 !   Orc:2 (=*[   Elf:1 }=}   Elf:2 !   Elf:3 =!((   Shoals:3 ?
Vaults:1 !   Vaults:4 (

Annotations:
Elf:2 2 runed translucent doors


Innate Abilities, Weirdness & Mutations

You are resistant to torment.
Your stone body is resilient. (AC +17)
You are immune to poison.
Your large and strong wings let you fly indefinitely.
You resist negative energy. (rN+)
You are resistant to electric shocks. (rElec)
You can survive without breathing.
You are immune to petrification.
You are immune to rotting.
You have large cloven feet.
You can translocate small distances at will.
Your mind is acute. (Int +2)
You are clumsy. (Dex -2)
Your muscles are strong. (Str +2)
Your spells are a little harder to cast, but a little more powerful.


Message History

The tentacled monstrosity is engulfed in freezing vapours.
The titan is engulfed in freezing vapours.
You kill the titan!
Vehumet accepts your kill.
You feel your power returning.
The tengu reaver is engulfed in freezing vapours.
The tengu reaver gestures at you while chanting.
The bolt of poison hits the shadow dragon.
The bolt of poison hits you but does no damage.
You resist.
The battlesphere fires!
The barrage of energy hits you!
* * * LOW HITPOINT WARNING * * *
The battlesphere is engulfed in freezing vapours.
The tengu reaver is engulfed in freezing vapours.
The tengu reaver gestures wildly while chanting.
The tengu reaver conjures a globe of magical energy!
The tengu reaver mumbles some strange words.
The tengu reaver conjures a globe of magical energy!
The golden dragon breathes cold at you. The bolt of cold hits you!!
You die...

#..#....##§
#..#....#. p
#..#..§§§ §#
###.(...§§#§#.
.....[[§c*§§#
####.†)§§§Q..#.
.....§§§§§[.[..
.....§§@X§<[...
.....§§§§D[[[..
......[[(§Q§§..
#####...*D§§§##
....[§§Q§§§
...#....#§§§
....#....#*§§
####.#....# #p


You could see a shadow dragon, a tentacled monstrosity, a golden dragon
(catching breath), 3 tengu reavers, a yaktaur captain, 2 vault sentinels and 3
battlespheres.

Vanquished Creatures
  Mennas (Vaults:2)
  Mara (Shoals:3)
  Sojobo (Vaults:1)
  Vashnia (Snake:3)
  Bai Suzhen (Shoals:4)
  Nikola (Shoals:4)
  A bone dragon (Abyss:2)
  3 tentacled monstrosities
  2 deep elf master archers (Elf:3)
  A titan (Vaults:5)
  2 deep elf blademasters (Elf:3)
  Asterion (Vaults:1)
  The ghost of Peloso the Peltast, an adept MiFi of Okawaru (Elf:3)
  The ghost of Mifaw the Warrior, an adept PaSk of Cheibriados (Shoals:3)
  Polyphemus (Shoals:4)
  An ancient champion (Vaults:1)
  A tentacled starspawn (Abyss:2)
  Gastronok (D:8)
  2 sphinxes (Vaults:3)
  A kraken (Shoals:4)
  3 tengu reavers
  Ilsuiw (Shoals:3)
  Kirke (Lair:4)
  Donald (Snake:3)
  6 nagarajas
  A fire giant (Vaults:4)
  Aizul (Snake:1)
  11 vault wardens
  5 deep elf sorcerers
  An orc warlord (Orc:2)
  3 cacodemons (Elf:3)
  A ghoul (Vaults:4)
  2 deep elf elementalists
  8 ironheart preservers
  8 deep elf demonologists
  4 very ugly things
  3 entropy weavers
  A spriggan defender (Vaults:1)
  5 stone giants
  7 deep elf annihilators
  Nessos (D:14)
  Azrael (Snake:1)
  8 deep elf death magi
  4 merfolk javelineers
  A green death (Abyss:2)
  An ettin (Orc:2)
  16 merfolk impalers
  7 deep elf high priests
  12 yaktaur captains
  2 fire dragons
  A great orb of eyes (Vaults:2)
  2 hydras (shapeshifter)
  A rakshasa (Vaults:2)
  5 hydras
  31 vault guards
  A catoblepas (Shoals:4)
  20 naga warriors
  2 ice dragons
  2 merfolk avatars
  5 centaur warriors
  7 merfolk aquamancers
  21 two-headed ogres
  3 death knights
  5 ogre magi
  7 anacondas
  2 alligator snapping turtles
  11 death yaks
  3 orc high priests (Orc:2)
  3 thrashing horrors (Abyss:2)
  2 satyrs (Shoals:4)
  A vampire mage (D:15)
  12 dancing weapons
  14 naga sharpshooters
  A deep troll earth mage (Vaults:2)
  A storm dragon zombie (D:15)
  6 shock serpents
  14 deep elf knights
  10 skeletal warriors
  2 wretched stars (Abyss:2)
  A spatial maelstrom (Abyss:2)
  A fire crab (Shoals:1)
  A sea snake (shapeshifter) (Vaults:5)
  A shadow wraith (Vaults:4)
  A storm dragon skeleton (Vaults:2)
  6 naga ritualists
  7 sea snakes
  16 deep elf archers
  A flayed ghost (Vaults:3)
  8 unseen horrors
  6 deep trolls
  2 phantasmal warriors
  5 wizards
  4 necromancers
  A shadow demon (Abyss:2)
  A lindwurm (Lair:6)
  A wolf spider (Vaults:1)
  14 orc knights
  11 harpies
  61 deep elf magi
  7 mana vipers
  13 ironbrand convokers
  2 frost giant zombies
  10 salamanders
  A sphinx skeleton (Vaults:2)
  A moth of wrath (Shoals:3)
  18 ugly things
  7 orc sorcerers
  20 manticores
  12 fauns
  A cyclops (shapeshifter) (Vaults:5)
  3 oklob plants
  14 cyclopes
  24 black mambas
  A fire giant skeleton (Vaults:2)
  12 vault sentinels
  A frost giant skeleton (Vaults:2)
  4 water nymphs
  5 guardian serpents
  Joseph (D:10)
  A smoke demon (Abyss:2)
  A torpor snail (Lair:5)
  6 elephants
  An orange demon (Abyss:2)
  2 ice statues (IceCv)
  2 centaur zombies (D:12)
  23 naga magi
  3 molten gargoyles (Lair:6)
  11 merfolk sirens
  5 centaur skeletons
  11 cane toads
  Maggie (D:6)
  An eye of devastation (shapeshifter) (Vaults:4)
  2 gargoyles
  10 rime drakes
  6 human skeletons (Vaults:2)
  10 komodo dragons
  6 freezing wraiths
  35 yaktaurs
  4 ice devils (IceCv)
  6 trolls
  3 yaktaur skeletons
  An ancient zyme (Abyss:2)
  A polar bear (Lair:4)
  5 hornets
  29 merfolk
  14 blink frogs
  A troll (shapeshifter) (Elf:3)
  Prince Ribbit (D:5)
  7 wind drakes
  A polar bear (shapeshifter) (Vaults:4)
  A harpy skeleton (D:15)
  Grinder (D:3)
  3 raiju (Abyss:2)
  10 slime creatures
  14 dream sheep
  12 hippogriffs
  An ice dragon zombie (D:15)
  10 snapping turtles
  A blink frog (shapeshifter) (Elf:3)
  6 air elementals
  An ettin skeleton (Vaults:2)
  A hippogriff (shapeshifter) (Vaults:2)
  3 shadows
  A tarantella (Vaults:1)
  41 yaks
  A wyvern (shapeshifter) (Elf:3)
  14 water elementals
  6 wraiths
  2 ynoxinuls (Abyss:2)
  Eustachio (D:5)
  7 basilisks
  A yak (shapeshifter) (Elf:2)
  15 wyverns
  13 large abominations
  A fire bat (Shoals:1)
  6 fire elementals
  2 hogs (Lair:4)
  2 steam dragons
  2 human simulacra
  A chaos spawn (Abyss:2)
  Grum (D:10)
  Edmund (D:4)
  A steam dragon (shapeshifter) (Elf:3)
  Menkaure (D:5)
  13 wargs
  39 nagas
  Duvessa (D:5)
  4 acid dragons
  A soldier ant (D:12)
  11 water moccasins
  6 hell hounds
  8 porcupines
  A porcupine (shapeshifter) (Elf:3)
  4 sky beasts
  An ice beast (D:9)
  A human zombie (Vaults:2)
  49 orc warriors
  4 phantoms
  A necrophage (D:6)
  3 black bears
  12 wolves
  12 boggarts
  18 centaurs
  9 crocodiles
  19 ogres
  A big kobold (D:14)
  Blork the orc (D:4)
  A glowing shapeshifter simulacrum (Vaults:2)
  A bullfrog (shapeshifter) (Elf:3)
  22 bullfrogs
  3 earth elementals
  A wyvern skeleton (D:15)
  A cane toad simulacrum (Abyss:2)
  A scorpion (D:7)
  Dowan (D:5)
  17 killer bees
  A small abomination (Abyss:2)
  6 howler monkeys
  15 wights
  An electric eel (Lair:2)
  A howler monkey (shapeshifter) (Elf:3)
  A crimson imp (Abyss:2)
  A quasit (D:7)
  6 lava snakes
  A draconian simulacrum (IceCv)
  14 orc priests
  12 hounds
  5 jellies
  3 bullfrog skeletons
  20 orc wizards
  2 iguanas
  5 hell rats (Lair:3)
  7 worker ants
  A troll simulacrum (IceCv)
  A spriggan simulacrum (IceCv)
  2 centaur simulacra (IceCv)
  2 hound zombies
  A hound skeleton (D:4)
  7 gnolls
  13 adders
  4 naga simulacra (IceCv)
  An ogre simulacrum (IceCv)
  2 shadow imps
  14 white imps
  6 ufetubi
  2 oozes (D:4)
  An adder skeleton (D:4)
  2 dart slugs
  4 leopard geckos
  A leopard gecko (shapeshifter) (Elf:3)
  89 orcs
  8 bats
  A giant cockroach (D:5)
  3 goblins (D:2)
  7 hobgoblins
  15 jackals
  13 kobolds
  8 quokkas
  A ball python (shapeshifter) (Elf:3)
  A ball python (D:4)
  A frilled lizard (shapeshifter) (Elf:3)
  3 frilled lizards (D:1)
  A leopard gecko skeleton (D:6)
  7 rats
  4 crawling corpses
  2 starspawn tentacles (Abyss:2)
1642 creatures vanquished.

Vanquished Creatures (others)
  A deep elf sorcerer (Elf:1)
  An ironbrand convoker (Vaults:3)
  2 deep elf magi
  An ogre (Vaults:3)
  57 fungi
  104 plants
  2 starspawn tentacles (Abyss:2)
  4 tentacles (Shoals:4)
  6 withered plants (D:15)
178 creatures vanquished.

Grand Total: 1820 creatures vanquished

Notes
Turn   | Place    | Note
-------+----------+-------------------------------------------
     0 | D:1      | Arvaildir the Gargoyle Earth Elementalist began the quest
                  | for the Orb.
     0 | D:1      | Reached XP level 1. HP: 10/10 MP: 3/3
   330 | D:1      | Reached XP level 2. HP: 15/15 MP: 1/5
   952 | D:1      | Reached XP level 3. HP: 17/19 MP: 4/6
   959 | D:1      | Learned a level 3 spell: Stone Arrow
  2041 | D:2      | Reached skill level 1 in Conjurations
  2168 | D:2      | Reached XP level 4. HP: 24/24 MP: 5/8
  2858 | D:3      | Reached skill level 5 in Earth Magic
  3017 | D:3      | Reached XP level 5. HP: 21/28 MP: 9/9
  3020 | D:3      | Learned a level 1 spell: Apportation
  3027 | D:3      | Learned a level 5 spell: Lee's Rapid Deconstruction
  3508 | D:3      | Reached XP level 6. HP: 32/32 MP: 4/11
  3663 | D:3      | Noticed Grinder
  3669 | D:3      | Killed Grinder
  3813 | D:3      | Found a faded altar of an unknown god.
  3859 | D:3      | Reached XP level 7. HP: 30/36 MP: 13/13
  4088 | D:4      | Found the +6 lightning scales {run, rElec}
  4149 | D:4      | Noticed Edmund
  4180 | D:4      | Killed Edmund
  4579 | D:4      | Noticed Blork the orc
  4599 | D:4      | Killed Blork the orc
  4815 | D:4      | Reached skill level 1 in Fighting
  4980 | D:5      | Entered Level 5 of the Dungeon
  5088 | D:5      | Noticed Menkaure
  5090 | D:5      | Killed Menkaure
  5090 | D:5      | Reached skill level 1 in Maces & Flails
  5090 | D:5      | Reached skill level 1 in Armour
  5090 | D:5      | Reached skill level 1 in Evocations
  5090 | D:5      | Reached XP level 8. HP: 43/43 MP: 8/15
  5403 | D:5      | Noticed Prince Ribbit
  5421 | D:5      | Reached skill level 5 in Spellcasting
  5429 | D:5      | Killed Prince Ribbit
  5585 | D:5      | Reached skill level 5 in Conjurations
  5750 | D:5      | Noticed Eustachio
  5751 | D:5      | Noticed Duvessa
  5751 | D:5      | Noticed Dowan
  5753 | D:5      | Killed Dowan
  5757 | D:5      | Killed Eustachio
  5761 | D:5      | Killed Duvessa
  6014 | D:6      | Reached XP level 9. HP: 49/49 MP: 17/17
  6140 | D:6      | Noticed Maggie
  6145 | D:6      | Killed Maggie
  6993 | D:6      | Found a glowing golden altar of the Shining One.
  7768 | D:7      | Reached XP level 10. HP: 51/57 MP: 19/19
  7867 | D:7      | Found a staircase to the Ecumenical Temple.
  7878 | Temple   | Entered the Ecumenical Temple
  7888 | Temple   | Became a worshipper of Vehumet
  8057 | D:8      | Noticed Gastronok
  8075 | D:8      | Killed Gastronok
  8319 | D:8      | Reached skill level 5 in Fighting
  8701 | D:8      | Found a sparkling altar of Nemelex Xobeh.
  8772 | D:8      | Noticed a two-headed ogre
  8773 | D:8      | Reached skill level 5 in Armour
  8791 | D:8      | Killed a two-headed ogre
  8791 | D:8      | Reached XP level 11. HP: 63/64 MP: 1/21
  9775 | D:9      | Reached skill level 5 in Maces & Flails
  9780 | D:9      | Reached * piety under Vehumet
  9780 | D:9      | Offered knowledge of Magic Dart by Vehumet.
 10017 | D:10     | Entered Level 10 of the Dungeon
 10040 | D:10     | Noticed Joseph
 10179 | D:10     | Killed Joseph
 10347 | D:10     | Gained mutation: You are clumsy. (Dex -2) [potion of
                  | mutation]
 10347 | D:10     | Gained mutation: You evolve. [potion of mutation]
 10603 | D:10     | Noticed a cyclops
 10606 | D:10     | Identified the +7 mace "Waqez" {freeze, +Rage rF+ rN+}
 10606 | D:10     | Noticed a manticore
 10620 | D:10     | Reached skill level 5 in Dodging
 10620 | D:10     | Killed a cyclops
 10635 | D:10     | HP: 1/64 [manticore (3)]
 10638 | D:10     | Reached ** piety under Vehumet
 10638 | D:10     | Offered knowledge of Foxfire by Vehumet.
 10638 | D:10     | Killed a manticore
 10641 | D:10     | Reached skill level 5 in Evocations
 10949 | D:10     | Noticed Grum
 10951 | D:10     | Killed Grum
 11025 | D:10     | Got a coiled bone amulet
 11274 | D:10     | Found Keoberph's Distillery.
 11301 | D:10     | Bought 2 potions of haste for 220 gold pieces
 11301 | D:10     | Bought a potion of magic for 88 gold pieces
 11301 | D:10     | Bought a potion of invisibility for 88 gold pieces
 11301 | D:10     | Bought a potion of might for 44 gold pieces
 11301 | D:10     | Bought a potion of flight for 33 gold pieces
 11301 | D:10     | Bought a potion of might for 44 gold pieces
 11809 | D:11     | Noticed a death knight
 11842 | D:11     | Killed a death knight
 11842 | D:11     | Reached skill level 10 in Earth Magic
 12017 | D:11     | Reached XP level 12. HP: 61/71 MP: 23/23
 12275 | D:11     | Noticed a death yak
 12277 | D:11     | Found a staircase to the Lair.
 12292 | D:11     | Killed a death yak
 12297 | D:11     | Noticed a death yak
 12305 | D:11     | Noticed a death yak
 12309 | D:11     | Offered knowledge of Mephitic Cloud by Vehumet.
 12310 | D:11     | Killed a death yak
 12674 | D:11     | Killed a death yak
 12956 | D:11     | Reached *** piety under Vehumet
 13027 | D:11     | Offered knowledge of Static Discharge by Vehumet.
 13454 | D:11     | Gained mutation: Your muscles are strong. (Str +2)
                  | [evolution]
 13956 | D:12     | Found a staircase to the Orcish Mines.
 13971 | D:12     | Identified the amulet of the Messenger {RegenMP rN++ MR-
                  | Dex+2 Slay+3} (You found it on level 10 of the Dungeon)
 14017 | D:12     | Reached **** piety under Vehumet
 14173 | D:12     | Reached XP level 13. HP: 26/78 MP: 19/25
 15384 | D:13     | Offered knowledge of Inner Flame by Vehumet.
 16061 | D:14     | Found a gate to the Vaults.
 16069 | D:14     | Found a frozen archway.
 16084 | D:14     | Reached ***** piety under Vehumet
 16085 | D:14     | Offered knowledge of Orb of Destruction by Vehumet.
 16096 | IceCv    | Entered an ice cave
 16287 | IceCv    | Learned a level 7 spell: Orb of Destruction
 16555 | IceCv    | Identified a scroll of acquirement
 16555 | IceCv    | Acquired the +1 cloak "Ohelomus" {+Inv}
 16578 | IceCv    | Gained mutation: Your mind is acute. (Int +2) [evolution]
 16836 | IceCv    | Reached skill level 10 in Conjurations
 17185 | D:14     | Identified the +2 leather armour "Myupynis" {rPois Int+4}
 17288 | D:14     | Noticed Nessos
 17308 | D:14     | Killed Nessos
 18708 | D:14     | Noticed a yaktaur captain
 18739 | D:14     | Gained mutation: You have large cloven feet. [evolution]
 18790 | D:14     | Killed a yaktaur captain
 19166 | D:15     | Entered Level 15 of the Dungeon
 19250 | Lair:1   | Entered Level 1 of the Lair of Beasts
 19375 | Lair:1   | Gained mutation: Your large and strong wings let you fly
                  | indefinitely. [Gargoyle growth]
 19375 | Lair:1   | Reached XP level 14. HP: 67/86 MP: 27/27
 21711 | Lair:3   | Found a staircase to the Shoals.
 22098 | Lair:3   | Gained mutation: You can translocate small distances at
                  | will. [evolution]
 22680 | Lair:4   | Reached skill level 10 in Fighting
 23298 | Lair:4   | Found a staircase to the Snake Pit.
 23579 | Lair:4   | Noticed Kirke
 23588 | Lair:4   | Killed Kirke
 23788 | Lair:4   | Identified the +0 robe of Past Mistakes {rF+} (You found it
                  | on level 4 of the Lair of Beasts)
 24301 | Lair:5   | Found a staircase to the Slime Pits.
 24354 | Lair:5   | Offered knowledge of Iskenderun's Mystic Blast by Vehumet.
 24707 | Lair:5   | Reached skill level 10 in Spellcasting
 24767 | Lair:5   | Reached XP level 15. HP: 60/93 MP: 29/29
 25277 | Lair:5   | Gained mutation: Your spells are a little harder to cast,
                  | but a little more powerful. [evolution]
 25279 | Lair:6   | Entered Level 6 of the Lair of Beasts
 25756 | Lair:6   | Reached skill level 10 in Maces & Flails
 25920 | Lair:6   | Learned a level 5 spell: Irradiate
 26204 | Lair:6   | Found a large runed translucent door.
 26204 | Lair:6   | Found a large runed translucent door.
 27156 | Lair:6   | Offered knowledge of Iron Shot by Vehumet.
 27164 | Lair:6   | Learned a level 6 spell: Iron Shot
 27832 | Orc:1    | Entered Level 1 of the Orcish Mines
 27849 | Orc:1    | Reached ****** piety under Vehumet
 28331 | Orc:1    | You are sucked into a shaft and drop 1 floor!
 28331 | Orc:2    | Entered Level 2 of the Orcish Mines
 28350 | Orc:2    | Noticed an orc warlord
 28509 | Orc:2    | Killed an orc warlord
 29014 | Orc:2    | Found a roughly hewn altar of Beogh.
 29027 | Orc:2    | Found a staircase to the Elven Halls.
 29082 | Orc:2    | Paralysed by an orc sorcerer for 3 turns
 29158 | Orc:2    | Found Sujeirat's Jewellery Boutique.
 29373 | Orc:1    | Lost mutation: You evolve. [end of evolution]
 29474 | Orc:2    | Found Saceukin's Antique Armour Boutique.
 29519 | Orc:2    | Found Rimemic's General Store.
 29528 | Orc:2    | Bought a scroll of enchant weapon for 112 gold pieces
 29792 | Orc:2    | Found Retepeaq's Antique Weapon Emporium.
 30384 | D:15     | Reached XP level 16. HP: 100/100 MP: 30/30
 30418 | D:15     | Acquired a book of Annihilations
 31009 | D:15     | Offered knowledge of Yara's Violent Unravelling by Vehumet.
 31143 | D:15     | Found a staircase to the Depths.
 31487 | D:15     | Upgraded the game from 0.26-a0-648-g87339cca5e to
                  | 0.26-a0-649-gf8c6c3aab7
 31660 | Snake:1  | Entered Level 1 of the Snake Pit
 31675 | Snake:1  | Noticed Aizul
 31691 | Snake:1  | Killed Aizul
 31796 | Snake:1  | Noticed Azrael
 31812 | Snake:1  | Killed Azrael
 33005 | Snake:2  | Got a warped flail
 33102 | Snake:1  | Identified the +7 flail of Bistret {pain, rF+} (You found
                  | it on level 2 of the Snake Pit)
 33166 | Snake:2  | Noticed a nagaraja
 33178 | Snake:2  | Killed a nagaraja
 33345 | Snake:2  | Reached skill level 10 in Dodging
 34253 | Snake:2  | Reached XP level 17. HP: 108/108 MP: 32/32
 34447 | Snake:3  | Offered knowledge of Bolt of Magma by Vehumet.
 34597 | Snake:3  | Learned a level 5 spell: Bolt of Magma
 34629 | Snake:3  | Reached skill level 1 in Fire Magic
 34797 | Snake:3  | Noticed Donald
 34805 | Snake:3  | Reached skill level 2 in Fire Magic
 34811 | Snake:3  | Killed Donald
 34811 | Snake:3  | Reached skill level 3 in Fire Magic
 35111 | Snake:3  | Reached skill level 4 in Fire Magic
 35116 | Snake:3  | Noticed Vashnia
 35380 | Snake:3  | Killed Vashnia
 35380 | Snake:3  | Reached skill level 5 in Fire Magic
 35804 | Snake:3  | Reached skill level 6 in Fire Magic
 36530 | Snake:4  | Entered Level 4 of the Snake Pit
 36658 | Shoals:1 | Entered Level 1 of the Shoals
 36665 | Shoals:1 | Reached skill level 7 in Fire Magic
 36943 | Shoals:1 | Reached skill level 8 in Fire Magic
 37351 | Shoals:1 | Reached skill level 9 in Fire Magic
 39140 | Shoals:3 | Found Poemipp's Magic Scroll Boutique.
 39151 | Shoals:3 | Reached skill level 10 in Fire Magic
 39268 | Shoals:3 | Bought a scroll of identify for 28 gold pieces
 39268 | Shoals:3 | Bought a scroll of identify for 28 gold pieces
 39268 | Shoals:3 | Bought a scroll of summoning for 133 gold pieces
 39268 | Shoals:3 | Bought a scroll of identify for 28 gold pieces
 39425 | Shoals:3 | Found a transporter.
 39758 | Shoals:3 | Offered knowledge of Ozocubu's Refrigeration by Vehumet.
 39766 | Shoals:3 | Noticed Ilsuiw
 39780 | Shoals:3 | Reached XP level 18. HP: 98/113 MP: 28/33
 39781 | Shoals:3 | Reached skill level 11 in Fire Magic
 39784 | Shoals:3 | Killed Ilsuiw
 39958 | Shoals:3 | Found a transporter.
 39959 | Shoals:3 | Noticed Mifaw's ghost (adept PaSk)
 40022 | Shoals:3 | Noticed Mara
 40234 | Shoals:3 | Noticed Arvaildir's illusion
 40371 | Shoals:3 | Killed Mara
 40371 | Shoals:3 | Reached skill level 12 in Fire Magic
 41424 | Shoals:3 | Killed Mifaw's ghost
 41429 | Shoals:3 | Reached skill level 13 in Fire Magic
 41581 | Shoals:3 | Got a serpentine steel ring
 41597 | Shoals:3 | Identified the ring of Viasuf {Dex+2 Slay+3 SInv Stlth+}
                  | (You found it on level 3 of the Shoals)
 41618 | Shoals:3 | Identified the +0 pair of gloves of Hunuq {rN+} (You found
                  | it on level 3 of the Shoals)
 41658 | Shoals:4 | Entered Level 4 of the Shoals
 41903 | Elf:1    | Entered Level 1 of the Elven Halls
 42137 | Shoals:4 | Noticed Polyphemus
 42157 | Shoals:4 | Killed Polyphemus
 42660 | Shoals:4 | Noticed Bai Suzhen
 42667 | Shoals:4 | Killed Bai Suzhen
 42667 | Shoals:4 | Reached skill level 14 in Fire Magic
 42686 | Shoals:4 | Identified the cursed +1 leather armour of the Forgotten
                  | Tales {Dex+3}
 42970 | Shoals:4 | Offered knowledge of Ignition by Vehumet.
 43321 | Shoals:4 | Reached skill level 15 in Fire Magic
 43432 | Shoals:4 | Learned a level 8 spell: Ignition
 43447 | Shoals:4 | Got a barnacled rune of Zot
 43551 | Shoals:4 | Noticed Nikola
 43566 | Shoals:4 | Killed Nikola
 43566 | Shoals:4 | Reached XP level 19. HP: 111/118 MP: 2/34
 44457 | Elf:1    | Reached skill level 16 in Fire Magic
 44936 | Elf:1    | Identified the Almanac of Supportive Confrontation
 45004 | Elf:1    | Offered knowledge of Shatter by Vehumet.
 45004 | Elf:1    | Offered knowledge of Tornado by Vehumet.
 45266 | Elf:1    | Paralysed by an orc sorcerer for 2 turns
 45563 | Elf:1    | Found Daclazor's Jewellery Boutique.
 45564 | Elf:1    | Found Pecrothi's Gadget Shoppe.
 45564 | Elf:1    | Found Xecanwer's Gadget Shoppe.
 45765 | Elf:2    | Found Laggojif's Distillery.
 45774 | Elf:2    | Bought 2 potions of heal wounds for 190 gold pieces
 45774 | Elf:2    | Bought a potion of curing for 57 gold pieces
 45774 | Elf:2    | Bought a potion of brilliance for 76 gold pieces
 45774 | Elf:2    | Bought a potion of mutation for 152 gold pieces
 45774 | Elf:2    | Bought a potion of heal wounds for 95 gold pieces
 45774 | Elf:2    | Bought a potion of curing for 57 gold pieces
 45774 | Elf:2    | Bought a potion of haste for 190 gold pieces
 45774 | Elf:2    | Bought a potion of heal wounds for 95 gold pieces
 45774 | Elf:2    | Bought a potion of curing for 57 gold pieces
 45787 | Elf:2    | Reached skill level 15 in Earth Magic
 46333 | Elf:2    | Found a runed translucent door.
 46356 | Elf:2    | Found a runed translucent door.
 46576 | Elf:3    | Entered Level 3 of the Elven Halls
 46576 | Elf:3    | Found Viunoruv's Antique Weapon Shoppe.
 46716 | Elf:3    | Found Qeul's Weapon Shoppe.
 46864 | Elf:3    | Found Lugirhaumn's Distillery.
 46895 | Elf:3    | Bought a potion of heal wounds for 105 gold pieces
 46895 | Elf:3    | Bought a potion of cancellation for 168 gold pieces
 46895 | Elf:3    | Bought a potion of ambrosia for 168 gold pieces
 46895 | Elf:3    | Bought a potion of cancellation for 168 gold pieces
 46895 | Elf:3    | Bought 2 potions of mutation for 336 gold pieces
 46895 | Elf:3    | Bought 2 potions of curing for 126 gold pieces
 46895 | Elf:3    | Bought a potion of cancellation for 168 gold pieces
 46963 | Elf:3    | Found a runed translucent gate.
 46963 | Elf:3    | Found a runed translucent gate.
 46963 | Elf:3    | Found a runed translucent gate.
 46964 | Elf:3    | Noticed a tentacled monstrosity
 46965 | Elf:3    | Noticed a tentacled monstrosity
 46988 | Elf:3    | Killed a tentacled monstrosity
 46990 | Elf:3    | Killed a tentacled monstrosity
 47098 | Elf:3    | Found a runed translucent gate.
 47098 | Elf:3    | Found a runed translucent gate.
 47099 | Elf:3    | Noticed Peloso's ghost (adept MiFi)
 47104 | Elf:3    | Found a runed translucent gate.
 47336 | Elf:3    | Reached XP level 20. HP: 124/124 MP: 36/36
 47343 | Elf:3    | Killed Peloso's ghost
 47422 | Elf:3    | Got a pair of scorched gloves
 47446 | Elf:3    | Identified the +2 pair of gloves of Articulation {rElec rF-
                  | Str+4 Int+4} (You found it on level 3 of the Elven Halls)
 47542 | Elf:3    | Found Onov's Jewellery Boutique.
 48178 | Elf:3    | Identified the cursed +1 leather armour "Qoymo" {Dex+4}
 48180 | Elf:3    | Reached skill level 17 in Fire Magic
 48182 | Elf:3    | Cast into level 2 of the Abyss (a deep elf sorcerer)
 48350 | Elf:3    | Escaped the Abyss
 48354 | Elf:3    | Noticed a Tzitzimitl
 48612 | Elf:3    | Identified Geoblut's Advanced Guide to Wizardry
 48684 | Elf:3    | Identified the Incunabulum of Fiery Creation
 48921 | Elf:3    | Found Viunoruv's Antique Weapon Shoppe.
 48952 | Elf:3    | Found Lugirhaumn's Distillery.
 49061 | Elf:3    | Found Qeul's Weapon Shoppe.
 49476 | Elf:3    | Found Onov's Jewellery Boutique.
 49896 | Snake:4  | Reached XP level 21. HP: 69/131 MP: 21/37
 49912 | Snake:4  | Got a serpentine rune of Zot
 50920 | Vaults:1 | Entered Level 1 of the Vaults
 51421 | Vaults:1 | Noticed Asterion
 51425 | Vaults:1 | Noticed Sojobo
 51427 | Vaults:1 | Killed Asterion
 51431 | Vaults:1 | Killed Sojobo
 52462 | Vaults:1 | Found Naodyonn's Distillery.
 52470 | Vaults:1 | Bought a potion of heal wounds for 85 gold pieces
 52470 | Vaults:1 | Bought a potion of curing for 51 gold pieces
 52470 | Vaults:1 | Bought a potion of ambrosia for 136 gold pieces
 52470 | Vaults:1 | Bought a potion of brilliance for 68 gold pieces
 52470 | Vaults:1 | Bought a potion of might for 68 gold pieces
 52470 | Vaults:1 | Bought a potion of haste for 170 gold pieces
 52470 | Vaults:1 | Bought a potion of haste for 170 gold pieces
 52684 | Vaults:2 | Reached skill level 18 in Fire Magic
 53635 | Vaults:2 | Reached XP level 22. HP: 131/138 MP: 26/39
 54007 | Vaults:2 | Found a staircase to the Crypt.
 54621 | Vaults:3 | Noticed Mennas
 54673 | Vaults:2 | Killed Mennas
 54673 | Vaults:2 | Reached skill level 15 in Conjurations
 55333 | Vaults:3 | Cast into level 2 of the Abyss (a wizard)
 55403 | Abyss:2  | Found a snail-covered altar of Cheibriados.
 55822 | Vaults:3 | Escaped the Abyss
 57597 | Vaults:4 | Reached skill level 19 in Fire Magic
 57637 | Vaults:4 | Reached skill level 15 in Fighting
 57922 | Vaults:4 | Reached XP level 23. HP: 103/144 MP: 40/40
 58943 | Vaults:4 | Found Zirucsuq's Weapon Emporium.
 59016 | Vaults:5 | Entered Level 5 of the Vaults
 59184 | Vaults:5 | Noticed a golden dragon
 59189 | Vaults:5 | Identified the +1 hunting sling "Wiab Una" {vorpal, Int+4}
 59190 | Vaults:5 | Killed from afar by a golden dragon

Illustrated notes

Levels and vault maps discovered:
D:1:      saegor_arrival_simple_d, layout_basic
D:2:      layout_loops_cross
D:3:      layout_loops_ring, chequers_ecumenical_altar_simple_redux,
          kennysheep_generic_room_9, uniq_grinder
D:4:      layout_basic, minmay_increasing_density, uniq_blork_the_orc,
          uniq_edmund
D:5:      layout_gridville, uniq_prince_ribbit1, uniq_eustachio, uniq_duvessa,
          uniq_menkaure
D:6:      layout_loops_ring, tso_altar, uniq_maggie
D:7:      layout_rooms, temple_fountains
D:8:      layout_gridville, overflow_temple_1_default, uniq_gastronok
D:9:      layout_loops_cross
D:10:     minmay_the_grid_square_5x5_3x3 [minmay_the_grid_square_5x5_six_small,
          minmay_the_grid_square_5x5_sharp_hourglass,
          minmay_the_grid_square_5x5_trominoes,
          minmay_the_grid_square_5x5_corner,
          minmay_the_grid_square_5x5_megaprize_crossed,
          minmay_the_grid_square_5x5_six, minmay_the_grid_square_5x5_misaligned,
          minmay_the_grid_square_5x5_forky, minmay_the_grid_square_5x5_inner_v],
          layout_cave_pods, serial_shops, shop, uniq_grum, uniq_joseph
D:11:     layout_roguey, dpeg_lair_monsters
D:12:     layout_long_grid, david_orc_3, minivault_25_ag
D:13:     layout_rooms
D:14:     layout_layer_cave, david_vaults_2, portal_ice_cave_entry_imps,
          dk_noncrumbling_2, kennysheep_island_fort, uniq_nessos
D:15:     gammafunk_depths_entry_grave, layout_rooms
Temple:   compressed_dpeg_triangle_lava_temple
Lair:1:   layout_long_grid, lemuel_fruit_tree, infiniplex_staircase_pool,
          minmay_lair_oklob_chamber
Lair:2:   layout_regular_city, serial_bayou_lake_a, grunt_megastairs_1,
          serial_bayou_shore_b
Lair:3:   layout_regular_city, minmay_shoals_entry_beasts
Lair:4:   layout_regular_city, guppyfry_snake_entry_garden, uniq_kirke
Lair:5:   layout_loops_ring, minmay_slime_entry_pillars, special_room
          [special_room_mythical_zoo]
Lair:6:   cheibrodos_lair_end_hotspot, layout_concentric_octagons
Shoals:1: layout_shoals, hangedman_shoal_volcano
Shoals:2: layout_shoals
Shoals:3: layout_shoals, serial_shops, nicolae_shop_crystal,
          gammafunk_ghost_berserking_beasts, nicolae_shoals_mertower, uniq_mara,
          uniq_ilsuiw
Shoals:4: shoals_end_simple, layout_shoals, uniq_polyphemus, uniq_bai_suzhen,
          uniq_nikola
Snake:1:  layout_misc_corridors, uniq_aizul, uniq_azrael
Snake:2:  layout_rooms
Snake:3:  layout_grid_shapes, drop_trap, uniq_vashnia, uniq_donald
Snake:4:  snake_pit, layout_concentric_octagons
Orc:1:    layout_caves
Orc:2:    grunt_orc_gardens, layout_caves, grunt_orc_garden, grunt_orc_garden,
          grunt_orc_garden, grunt_orc_garden, mines1_david
Elf:1:    eino_elf_arrival_the_gate, layout_rooms, minmay_elf_sorcery,
          minmay_shop_grove
Elf:2:    layout_geoelf_diagonals, serial_shops, shop, due_unseen_surprise
Elf:3:    minmay_elf_hall_not_hex, layout_gridlike,
          ploomutoo_gammafunk_ghost_potion_laboratory, serial_shops,
          shop_statue, shop, shop, shop
Vaults:1: nicolae_vaults_rhombus_6, v_misc_16, v_misc_17, sword_in_stone,
          vaults_room_pool, serial_ice_b, vaults_mumra_hexcomb, v_pattern_4,
          nicolae_vaults_diagonal_hallway_6, nicolae_vaults_little_squares_6,
          ontoclasm_vaults_eye, grunt_vaults_diagonal, v_rooms_3,
          layout_vaults_big_cross, serial_shops, shop, uniq_asterion
Vaults:2: hangedman_vaults_maws, hangedman_vaults_stretched_pinwheel, v_misc_18,
          minmay_crypt_entry_skeletal_spiral, grunt_vaults_funnel,
          grunt_vaults_trifunnel, nicolae_vaults_little_squares_4,
          vaults_mumra_hex, hangedman_vaults_pinch, ontoclasm_vaults_ligature,
          nicolae_vaults_asterisk, layout_vaults_big_room, uniq_sojobo
Vaults:3: vaults_room_corners, v_alt_pattern_5, vaults_room_fours,
          grunt_vaults_swirl, nicolae_vaults_hallways_thing,
          hangedman_vaults_stretched_pinwheel, hangedman_vaults_slice,
          vaults_room_hallway, ontoclasm_vaults_spin, layout_vaults_omnigrid,
          uniq_mennas
Vaults:4: v_misc_15, nicolae_vaults_what_the_h, st_lines,
          ontoclasm_vaults_ring_small, hangedman_vaults_nodes, v_misc_24,
          hangedman_vaults_stagger, v_misc_14, nicolae_vaults_specimen_jars,
          v_misc_19, v_misc_26, layout_vaults_maze_bifur, serial_shops,
          shop_fountains
Vaults:5: serial_shops

Skill      XL: |  1  2  3  4  5  6  7  8  9 10 11 12 13 14 15 16 17 18 19 20 21 22 |
---------------+-------------------------------------------------------------------+-----
Earth Magic    | 4 5 6 7 8 9 10 11 12 13 14 15 16 17 | 17.5
Conjurations   | 1 2 3 4 5 6 7 8 9 10 11 12 13 14 15 | 15.7
Spellcasting   | 3 4 5 6 7 8 9 10 11 12 13 | 13.8
Fighting       | 1 2 4 5 6 8 9 10 11 12 13 14 15 | 15.3
Maces & Flails | 1 2 3 4 5 7 8 9 10 11 12 13 14 | 14.3
Armour         | 1 2 4 5 6 |  6.0
Dodging        | 2 3 4 5 6 7 8 9 10 11 12 | 12.3
Evocations     | 1 2 3 4 5 6 |  6.0
Fire Magic     | 10 15 16 17 18 19 | 19.4
Stealth        | |  2.1
Transmutations | |  0.7

Action                   |  1- 3 |  4- 6 |  7- 9 | 10-12 | 13-15 | 16-18 | 19-21 | 22-24 || total
-------------------------+-------+-------+-------+-------+-------+-------+-------+-------++-------
Melee: Dagger            |   127 |   119 |   105 |       |       |       |       |       ||   351
       Unarmed           |     3 |       |       |       |       |       |       |       ||     3
       Mace              |       |    37 |       |   209 |  1006 |   707 |   434 |   392 ||  2785
       Rapier            |       |       |   130 |   205 |       |       |       |       ||   335
Throw: Throwing net      |       |       |       |       |       |     4 |       |     3 ||     7
 Cast: Sandblast         |    31 |    30 |    47 |    31 |    52 |    10 |     2 |       ||   203
       Stone Arrow       |       |       |    16 |    18 |    73 |     2 |       |       ||   109
       Lee's Rapid Decon |       |       |     2 |    52 |    82 |    37 |    41 |     7 ||   221
       Apportation       |       |       |       |       |     2 |       |     4 |       ||     6
       Orb of Destructio |       |       |       |       |     3 |       |       |       ||     3
       Irradiate         |       |       |       |       |    16 |    34 |     2 |       ||    52
       Iron Shot         |       |       |       |       |    11 |   186 |   106 |    45 ||   348
       Ignition          |       |       |       |       |       |       |    77 |    51 ||   128
       Bolt of Magma     |       |       |       |       |       |       |       |     3 ||     3
 Abil: Fly               |       |       |       |       |     1 |       |       |       ||     1
Evoke: Wand              |       |     2 |     6 |     9 |     2 |    11 |     1 |       ||    31
       Phantom mirror    |       |       |       |     1 |       |       |       |       ||     1
       Lightning rod     |       |       |       |       |       |     1 |       |       ||     1
       Tin of tremorston |       |       |       |       |       |    13 |     2 |       ||    15
       Condenser vane    |       |       |       |       |       |     4 |       |     1 ||     5
  Use: Scroll            |     1 |    16 |    10 |     7 |     8 |    10 |     9 |     2 ||    63
       Potion            |       |     3 |     4 |    10 |     3 |     7 |     4 |    13 ||    44
 Stab: Sleeping          |     2 |     2 |     6 |     2 |     3 |     1 |     4 |     1 ||    21
       Invisible         |       |       |     6 |       |       |       |       |       ||     6
       Distracted        |       |       |       |       |     2 |     1 |     1 |     5 ||     9
Armor: Robe              |    64 |    56 |    53 |       |       |       |       |       ||   173
       Skin              |       |     1 |       |       |       |       |       |       ||     1
       Steam dragon scal |       |       |    56 |   273 |   411 |   481 |   280 |   251 ||  1752
       Leather armour    |       |       |       |       |    14 |       |       |       ||    14
Dodge: Dodged            |   143 |   123 |   210 |   378 |  1046 |   896 |   388 |   318 ||  3502
Block: Other             |       |       |       |   100 |       |       |       |       ||   100
       Reflection        |       |       |       |     3 |       |       |       |       ||     3

Table legend: (Time is in decaauts)
 A = Elapsed time spent in this place.
 B = Non-inter-level travel time spent in this place.
 C = Inter-level travel time spent in this place.
 D = Time resting spent in this place.
 E = Time spent auto-exploring this place.
 F = Levels seen in this place.
 G = Mean time per level.
                   A        B        C        D        E       F      G
               +--------+--------+--------+--------+--------+-----+--------+
         Total |  59115 |  55978 |   3137 |  13274 |  31717 |  43 | 1374.8 |
       Dungeon |  19936 |  18986 |    950 |   3833 |  11450 |  15 | 1329.1 |
        Temple |     15 |     10 |      5 |      0 |      1 |   1 |   15.0 |
          Lair |   8969 |   8113 |    856 |   1133 |   5589 |   6 | 1494.8 |
        Shoals |   7325 |   6936 |    389 |   2184 |   3285 |   4 | 1831.2 |
     Snake Pit |   5855 |   5631 |    224 |   2098 |   2605 |   4 | 1463.8 |
  Orcish Mines |   2578 |   2407 |    171 |    823 |   1149 |   2 | 1289.0 |
   Elven Halls |   5054 |   4899 |    155 |   1640 |   2166 |   3 | 1684.7 |
        Vaults |   7679 |   7294 |    385 |    959 |   4986 |   5 | 1535.8 |
         Abyss |    643 |    643 |      0 |    183 |    227 |   2 |  321.5 |
      Ice Cave |   1057 |   1057 |      0 |    420 |    258 |   1 | 1057.0 |
               +--------+--------+--------+--------+--------+-----+--------+

Top non-repeatable levels by time:
   Elf:3: 2842 daAuts
Vaults:2: 2318 daAuts
Shoals:3: 2251 daAuts
  Lair:6: 2175 daAuts
    D:14: 2114 daAuts
 Snake:2: 2085 daAuts
    D:11: 1995 daAuts
Shoals:4: 1963 daAuts
Vaults:4: 1840 daAuts
Vaults:3: 1770 daAuts
    D:10: 1750 daAuts
Shoals:1: 1748 daAuts
  Lair:4: 1729 daAuts
Vaults:1: 1723 daAuts
    D:12: 1644 daAuts
